 Dungeon Crawl Stone Soup version 0.27.1 (webtiles) character file.

Game seed: 17020782186552827554

1645 ZARRMARR the Magician (level 8, -4/44 HPs)
             Began as a Gargoyle Earth Elementalist on Aug 23, 2021.
             Was a Believer of Jiyva.
             Splashed by an acid dragon's acid (9 damage)
             ... on level 8 of the Dungeon.
             The game lasted 00:33:35 (7308 turns).

ZARRMARR the Magician (Gargoyle Earth Elementalist) Turns: 7308, Time: 00:33:35

Health: -4/44      AC: 17    Str: 16    XL:     8   Next: 99%
Magic:  17/17      EV: 11    Int: 18    God:    Jiyva [**....]
Gold:   232        SH:  3    Dex: 10    Spells: 19/20 levels left

rFire    . . .     SeeInvis .   n - +3 falchion of Bagied {elec, Str+4}
rCold    . . .     Faith    .   A - +0 buckler
rNeg     + . .     Spirit   .   e - +2 leather armour {Will+}
rPois    ∞         Reflect  .   (no helmet)
rElec    +         Harm     .   q - +2 cloak
rCorr    .         Rampage  .   a - +0 pair of gloves
Will     +....                  l - +1 pair of boots
Stlth    ++........             (no amulet)
HPRegen  0.14/turn              (no ring)
MPRegen  0.15/turn              (no ring)

@: marked
A: sickness immunity, AC +5, negative energy resistance 1, electricity
resistance, torment resistance 1, petrification resistance
a: Renounce Religion, Request Jelly


You were on level 8 of the Dungeon.
You worshipped Jiyva.
Jiyva was pleased with you.
You visited 2 branches of the dungeon, and saw 9 of its levels.
You also visited: Sewer.

You collected 232 gold pieces.

Inventory:

Hand Weapons
 d - a +1 quarterstaff
 n - the +3 falchion of Bagied (weapon) {elec, Str+4}
   (You found it on level 4 of the Dungeon)

   It occasionally discharges a powerful burst of electricity upon striking a
   foe.
   Str:       It affects your strength (+4).
Missiles
 c - 58 stones
 h - 2 throwing nets
 m - 6 boomerangs (quivered)
Armour
 a - a +0 pair of gloves (worn)
 e - a +2 leather armour of willpower (worn)
 l - a +1 pair of boots (worn)
 q - a +2 cloak (worn)
 A - a +0 buckler (worn)
Wands
 r - a wand of paralysis (9)
 t - a wand of flame (15)
Scrolls
 f - 2 scrolls of immolation
 i - 2 scrolls of fear
 k - 2 scrolls of amnesia
 o - a scroll of summoning
 p - 4 scrolls of teleportation
 s - a scroll of magic mapping {unknown}
 y - 2 scrolls of enchant weapon
 B - a scroll of identify
Potions
 b - 2 potions of degeneration {unknown}
 g - a potion of mutation {unknown}
 j - 4 potions of heal wounds {unknown}
 u - a potion of might {unknown}
 v - 2 potions of invisibility {unknown}
 w - a potion of cancellation {unknown}
 x - a potion of brilliance {unknown}
 z - a potion of haste {unknown}


   Skills:
 + Level 2.1 Fighting
 + Level 4.0 Long Blades
 - Level 1.0 Staves
 + Level 3.1 Armour
 + Level 2.3 Dodging
 + Level 4.5 Stealth
 + Level 6.6 Spellcasting
 - Level 0.7 Transmutations
 - Level 6.1 Earth Magic


You had 19 spell levels left.
You knew the following spells:

 Your Spells              Type           Power      Damage    Failure   Level
a - Sandblast             Erth           56%        2d13      1%          1

Your spell library contained the following spells:

 Spells                   Type           Power      Damage    Failure   Level
 Passwall                 Tmut/Erth      15%        N/A       9%          2
 Stone Arrow              Conj/Erth      34%        3d9       19%         3
 Apportation              Tloc           10%        N/A       22%         1
 Petrify                  Tmut/Erth      18%        N/A       47%         4
 Alistair's Intoxication  Tmut/Pois      4%         N/A       99%         5
 Invisibility             Hex            2%         N/A       100%        6
 Chain Lightning          Conj/Air       2%         3d3       100%        9
 Fire Storm               Conj/Fire      2%         8d1       100%        9


Dungeon Overview and Level Annotations

Branches:
Dungeon (8/15)             Temple (1/1) D:6           Sewer (visited)
   Lair: D:8-11

Altars:
Dithmenos
Fedhas
Gozag
Makhleb
Nemelex Xobeh
Ru
Uskayaw
The Shining One
Jiyva

Shops:
D:7 (


Innate Abilities, Weirdness & Mutations

You are immune to sickness and miasma.
Your stone body is resilient. (AC +5)
You are immune to poison.
You resist negative energy. (rN+)
You are resistant to electric shocks. (rElec)
You are resistant to unholy torment.
You are immune to petrification.


Message History

The lemure hits your centaur zombie!
Your acid dragon barely misses Pikel.
Your acid dragon claws Pikel.
Your centaur zombie hits the lemure but does no damage.
Your centaur zombie misses the lemure.
Pikel hits your acid dragon with a +2 whip of freezing!
Pikel freezes your acid dragon.
The lemure barely misses your centaur zombie.
Your centaur zombie hits the lemure.
Your centaur zombie closely misses the lemure.
An orc wizard comes into view. It is wielding a +0 dagger.
Your acid dragon spits acid at Pikel.
The splash of acid hits Pikel!
Pikel is splashed with acid.
Pikel seems to be corroded for longer.
Pikel says to your acid dragon, "You'll feel the lick of my whip!"
Pikel hits your acid dragon with a +2 whip of freezing.
Pikel freezes your acid dragon.
Your acid dragon dies!
Your acid dragon's corpse dissolves into shadows!
Your centaur zombie hits the lemure.
Your centaur zombie kicks the lemure.
The lemure hits your centaur zombie!
Your centaur zombie completely misses the lemure.
Your centaur zombie closely misses the lemure.
Pikel zaps a wand.
Your two-headed ogre easily resists.
The lemure hits your centaur zombie.
Your centaur zombie is destroyed!
Your two-headed ogre hits Pikel with a +0 giant club.
Your two-headed ogre hits Pikel with a +0 dire flail!
Pikel dies!
With Pikel's spell broken, his former minions thank you for their freedom.
The lemure departs this earthly plane. x3
Your Fighting skill increases to level 2!
Your Long Blades skill increases to level 4!
Your Armour skill increases to level 3!
You swap places.
The acid dragon spits acid at you. The splash of acid hits you!
* * * LOW HITPOINT WARNING * * *
You are splashed with acid!
You die...

## ## ..#
###.#....
##......#
#......#
###O###..#
#.(@# . ###§# .
....###D###....
.......5§......
..#...SDo......
#..##.....K.5
..... .........
.... #........
.## .......D.


You could see an acid dragon (catching breath) and a friendly two-headed ogre
(summoned).

Vanquished Creatures
  Menkaure (D:6)
  A water moccasin (D:7)
  A centaur (D:7)
  2 phantoms (D:5)
  A gnoll sergeant (D:7)
  3 scorpions
  A centaur zombie (D:5)
  A bullfrog skeleton (D:5)
  A gnoll shaman (D:6)
  3 orc priests
  A jelly (D:4)
  Terence (D:2)
  3 orc wizards
  3 iguanas
  2 hound skeletons
  6 adders
  14 gnolls
  A river rat (Sewer)
  2 white imps
  An ufetubus (D:5)
  A worm (D:2)
  3 dart slugs
  27 orcs
  4 endoplasms
  4 giant cockroaches
  4 goblins
  5 hobgoblins
  3 quokkas (D:6)
  11 ball pythons
  7 bats
  4 frilled lizards
  8 kobolds
  12 rats
142 creatures vanquished.

Vanquished Creatures (collateral kills)
  Pikel (D:8)
1 creature vanquished.

Vanquished Creatures (others)
  A water moccasin (D:6)
  An ice beast (D:7)
  A necrophage (D:6)
  8 jellies
  A centaur skeleton (D:6)
  An orc wizard (D:7)
  4 gnolls (D:7)
  An adder (D:6)
  4 orcs (D:7)
  2 demonic plants (D:2)
  A fungus (D:2)
  3 plants (D:2)
  4 withered plants (D:2)
32 creatures vanquished.

Grand Total: 175 creatures vanquished

Notes
Turn   | Place    | Note
-------+----------+-------------------------------------------
     0 | D:1      | ZARRMARR the Gargoyle Earth Elementalist began the quest
                  | for the Orb.
     0 | D:1      | Reached XP level 1. HP: 10/10 MP: 3/3
   439 | D:1      | Reached XP level 2. HP: 15/15 MP: 3/5
  1205 | D:1      | Reached XP level 3. HP: 15/19 MP: 0/6
  1635 | D:2      | Reached XP level 4. HP: 24/24 MP: 6/8
  1781 | D:2      | Reached skill level 5 in Earth Magic
  1802 | D:2      | Found a faded altar of an unknown god.
  1882 | D:2      | Noticed Terence
  1888 | D:2      | Killed Terence
  2089 | D:2      | Reached XP level 5. HP: 28/28 MP: 7/9
  3682 | D:4      | Reached XP level 6. HP: 32/32 MP: 11/11
  3789 | D:4      | Found a blossoming altar of Fedhas.
  3934 | D:4      | Reached skill level 1 in Staves
  3945 | D:4      | Identified the +3 falchion of Bagied {elec, Str+4}
  4204 | D:5      | Entered Level 5 of the Dungeon
  4373 | D:5      | Reached skill level 1 in Long Blades
  4373 | D:5      | Reached skill level 1 in Armour
  4373 | D:5      | Reached XP level 7. HP: 36/37 MP: 13/13
  4414 | D:5      | Found an opulent altar of Gozag.
  4717 | D:5      | Reached skill level 1 in Fighting
  5288 | D:6      | Noticed Menkaure
  5289 | D:6      | Found a glowing drain.
  5297 | D:6      | Killed Menkaure
  5298 | D:6      | Reached skill level 5 in Spellcasting
  5310 | D:6      | Reached XP level 8. HP: 25/43 MP: 10/15
  5433 | Sewer    | Entered a sewer
  5729 | D:6      | Found a staircase to the Ecumenical Temple.
  5741 | Temple   | Entered the Ecumenical Temple
  5771 | Temple   | Became a worshipper of Ru the Awakened
  5778 | Temple   | Fell from the grace of Ru
  5778 | Temple   | Became a worshipper of Jiyva Jilogah the Shapeless
  6036 | D:6      | Reached * piety under Jiyva
  6353 | D:6      | Found a hide-covered altar of Uskayaw.
  6752 | D:7      | Found Amior's Antique Weapon Shop.
  6947 | D:7      | Reached ** piety under Jiyva
  7283 | D:8      | Noticed Pikel
  7306 | D:8      | Killed Pikel
  7308 | D:8      | Splashed by an acid dragon's acid

Illustrated notes

Levels and vault maps discovered:
D:1:      matt_arrival_spirals, layout_basic
D:2:      layout_basic, shapermc_ecumenical_altar_gd, uniq_terence
D:3:      layout_loops_ring
D:4:      layout_loops_cross, mainiacjoe_overflow_brackets, kennysheep_nub
D:5:      layout_loops_ring, grunt_gozag_breadcrumbs, minmay_misc_feat_tower,
          minmay_stone_trees_small
D:6:      layout_rooms, mainiacjoe_overflow_paths, temple_fountains,
          portal_sewer_entry_f, abandoned_shop, uniq_menkaure
D:7:      layout_basic, serial_shops, shop
D:8:      layout_cave_pools, mainiacjoe_overflow_chevrons, minivault_1,
          roderic_lattice_a, uniq_pikel
Temple:   pf_slime_end_temple

Skill      XL: |  1  2  3  4  5  6  7  8 |
---------------+-------------------------+-----
Earth Magic    | 4 5 6 |  6.1
Spellcasting   | 3 4 5 6 |  6.6
Staves         | 1 |  1.0
Stealth        | 3 4 |  4.5
Long Blades    | 1 2 4 |  4.0
Armour         | 1 2 3 |  3.1
Fighting       | 1 2 |  2.1
Dodging        | 2 |  2.3
Transmutations | |  0.7

Action                   |  1- 3 |  4- 6 |  7- 9 || total
-------------------------+-------+-------+-------++-------
Melee: Unarmed           |    17 |       |       ||    17
       Quarterstaff      |       |    33 |       ||    33
       Falchion          |       |    13 |   100 ||   113
Throw: Boomerang         |       |    11 |    32 ||    43
       Stone             |       |       |     1 ||     1
 Cast: Sandblast         |    41 |    60 |    54 ||   155
  Use: Scroll            |     3 |     4 |     2 ||     9
 Stab: Sleeping          |       |     2 |     6 ||     8
Armor: Robe              |     3 |     1 |       ||     4
       Leather armour    |       |    15 |    65 ||    80
Dodge: Dodged            |    18 |    18 |    75 ||   111
Block: Buckler           |       |       |     1 ||     1
       Rpst.: Falchion   |       |     3 |    18 ||    21
